 Dungeon Crawl Stone Soup version 0.20.1-1-g8b1a95d (webtiles) character file.

158 gobwax the Conjurer (level 5, -1/28 HPs)
             Began as a Deep Elf Conjurer on Sept 10, 2017.
             Was an Initiate of Vehumet.
             Shot with an arrow by a centaur (11 damage)
             ... on level 3 of the Dungeon.
             The game lasted 00:06:48 (2046 turns).

gobwax the Conjurer (Deep Elf Conjurer)             Turns: 2046, Time: 00:06:49

Health: -1/28      AC:  2    Str:  5    XL:     5   Next: 16%
Magic:  5/12       EV: 13    Int: 21    God:    Vehumet [......]
Gold:   106        SH:  0    Dex: 15    Spells: 5/11 levels left

rFire    . . .     SeeInvis .   j - +1 dagger (venom)
rCold    . . .     Gourm    .   (no shield)
rNeg     . . .     Faith    .   a - +0 robe
rPois    .         Spirit   .   (no helmet)
rElec    .         Reflect  .   (no cloak)
rCorr    .         Harm     .   (no gloves)
MR       .....                  (no boots)
Stlth    ++........             (no amulet)
Regen    0.1/turn               (no ring)
MPRegen  0.2/turn               (no ring)

@: no status effects
A: no striking features
a: Renounce Religion


You were on level 3 of the Dungeon.
You worshipped Vehumet.
Vehumet was noncommittal.
You were not hungry.

You visited 1 branch of the dungeon, and saw 3 of its levels.

You collected 106 gold pieces.

Inventory:

Hand Weapons
 j - a +1 dagger of venom (weapon)
 n - a +0 quarterstaff
Armour
 a - a +0 robe (worn)
Jewellery
 l - a +4 ring of evasion {unknown}
 q - an uncursed ring of protection from cold {unknown}
Scrolls
 e - 2 scrolls of enchant armour {unknown}
 f - a scroll of random uselessness {unknown}
 i - a scroll of fog {unknown}
 k - a scroll of remove curse {unknown}
 p - a scroll of identify {unknown}
 r - a scroll of blinking {unknown}
 t - a scroll of recharging {unknown}
Potions
 g - a potion of berserk rage {unknown}
 h - 2 potions of curing {unknown}
 o - a potion of might {unknown}
 s - 2 potions of lignification {unknown}
Books
 b - a book of Conjurations

   Spells                             Type                      Level
   a - Magic Dart                     Conjuration                  1
   b - Searing Ray                    Conjuration                  2
   c - Dazzling Spray                 Conjuration/Hexes            3
   d - Fulminant Prism                Conjuration/Hexes            4
   e - Force Lance                    Conjuration/Translocation    4
   f - Iskenderun's Mystic Blast      Conjuration                  4
Comestibles
 c - a bread ration
 d - a fruit
 m - 2 meat rations


   Skills:
 - Level 2.4 Dodging
 - Level 2.4 Stealth
 + Level 3.7 Spellcasting
 * Level 6.8 Conjurations


You had 5 spell levels left.
You knew the following spells:

 Your Spells              Type           Power        Failure   Level  Hunger
a - Magic Dart            Conj           ####         1%          1    None
b - Searing Ray           Conj           ####..       1%          2    ##.....
c - Dazzling Spray        Conj/Hex       ###...       9%          3    ###....


Dungeon Overview and Level Annotations

Branches:
Dungeon (3/15)

Altars:
Ashenzari
Hepliaklqana
Ru
Trog
Vehumet
Yredelemnul


Message History

The centaur shoots an arrow.
The arrow hits you!
Ouch! That really hurt!
Casting: Magic Dart
Confirm with . or Enter, or press ? or * to list all spells.
Aiming: Magic Dart
Press: ? - help, Shift-Dir - straight line, f/p - centaur
Aim: a centaur, wielding a shortbow (heavily wounded, blind)
The magic dart hits the centaur.
The centaur is severely wounded.
The centaur shoots an arrow.
The arrow misses you.
Casting: Magic Dart
Confirm with . or Enter, or press ? or * to list all spells.
Aiming: Magic Dart
Press: ? - help, Shift-Dir - straight line, f/p - centaur
Aim: a centaur, wielding a shortbow (severely wounded, blind)
The magic dart hits the centaur.
The centaur is almost dead.
The centaur shoots an arrow.
The arrow hits you.
The centaur shoots an arrow.
The arrow hits you!
You die...

####.# . #.# . #.# .##.##. #.#
....... #.# # ###.#.#.# ##.##
#...####.......# #...######
#..c.......#.#.#
#.#......#######...####...#.#.#
#...####..##..@...........#.#.#
##### #..<).(..................
..######....(......)....#.##.###
..>...........###...#####.##.###
..######(....## #.........##....
#....## #...############ ##
#.#...# #...# .# #.###.## ##.##
.# #.# #..####.# #


You could see a centaur (blind).

Vanquished Creatures
  An orc priest (D:3)
  Terence (D:3)
  4 adders (D:2)
  An ooze (D:3)
  A worm (D:2)
  2 dart slugs (D:2)
  2 leopard geckos (D:3)
  3 orcs (D:3)
  4 giant cockroaches
  4 goblins
  9 hobgoblins
  2 kobolds (D:1)
  A quokka (D:2)
  A ball python (D:3)
  4 bats
  7 frilled lizards
  11 rats
58 creatures vanquished.

Notes
Turn   | Place    | Note
-------+----------+-------------------------------------------
     0 | D:1      | gobwax the Deep Elf Conjurer began the quest for the Orb.
     0 | D:1      | Reached XP level 1. HP: 10/10 MP: 6/6
   186 | D:1      | Found a shattered altar of Ashenzari.
   298 | D:1      | Reached XP level 2. HP: 15/15 MP: 5/8
   339 | D:1      | Reached skill level 5 in Conjurations
   724 | D:2      | Reached XP level 3. HP: 19/19 MP: 5/9
   728 | D:2      | Learned a level 2 spell: Searing Ray
   732 | D:2      | Learned a level 3 spell: Dazzling Spray
   872 | D:2      | Found a basalt altar of Yredelemnul.
  1087 | D:2      | Reached XP level 4. HP: 24/24 MP: 2/11
  1095 | D:2      | Found a hazy altar of Hepliaklqana.
  1283 | D:3      | Reached skill level 6 in Conjurations
  1623 | D:3      | Found a sacrificial altar of Ru.
  1794 | D:3      | Found a bloodstained altar of Trog.
  1794 | D:3      | Noticed Terence
  1808 | D:3      | Killed Terence
  1808 | D:3      | Reached XP level 5. HP: 15/28 MP: 1/12
  1891 | D:3      | Found a radiant altar of Vehumet.
  1988 | D:3      | Became a worshipper of Vehumet
  2041 | D:3      | Noticed a centaur
  2046 | D:3      | Shot with an arrow by a centaur

Skill      XL: |  1  2  3  4 |
---------------+-------------+-----
Conjurations   | 5 6 |  6.8
Dodging        | |  2.4
Stealth        | |  2.4
Spellcasting   | |  3.7

Action                   |  1- 3 |  4- 6 || total
-------------------------+-------+-------++-------
Melee: Dagger            |       |     2 ||     2
 Cast: Magic Dart        |    64 |    45 ||   109
       Dazzling Spray    |       |     4 ||     4
  Eat: Chunk             |       |     4 ||     4
Dodge: Dodged            |     2 |    10 ||    12
